 Dungeon Crawl Stone Soup version 0.28-a0-773-g130ae17fe5 (webtiles) character file.

Game seed: 13387946718493666540

129 bande the Covered (level 5, -4/33 HPs)
             Began as a Gargoyle Fighter on Nov 2, 2021.
             Slain by an iguana (6 damage)
             ... on level 3 of the Dungeon.
             The game lasted 00:03:44 (3238 turns).

bande the Covered (Gargoyle Fighter)                Turns: 3238, Time: 00:03:45

Health: -4/33      AC: 12    Str: 21    XL:     5   Next: 12%
Magic:  5/5        EV:  9    Int:  8    God:
Gold:   130        SH:  4    Dex:  9    Spells: 4/4 levels left

rFire   . . .      SeeInvis .   a - +0 war axe
rCold   . . .      Faith    .   c - +0 buckler
rNeg    + . .      Spirit   .   b - +0 scale mail
rPois   ∞          Reflect  .   k - +0 helmet
rElec   +          Harm     .   (no cloak)
rCorr   .          Rampage  .   (no gloves)
Will    .....                   (no boots)
Stlth   ..........              (no amulet)
HPRegen 0.11/turn               (no ring)
MPRegen 0.09/turn               (no ring)

@: no status effects
A: sickness immunity, AC +4, negative energy resistance 1, electricity
resistance, torment resistance 1, petrification resistance
a: no special abilities


You were on level 3 of the Dungeon.
You visited 1 branch of the dungeon, and saw 3 of its levels.

You collected 130 gold pieces.

Inventory:

Hand Weapons
 a - a +0 war axe (weapon)
 h - a +0 flail
Armour
 b - a +0 scale mail (worn)
 c - a +0 buckler (worn)
 k - a +0 helmet (worn)
Jewellery
 g - a ring of wizardry
Scrolls
 e - a scroll of identify {unknown}
 f - a scroll of vulnerability {unknown}
 i - a scroll of brand weapon {unknown}
 j - a scroll of noise {unknown}
Potions
 d - a potion of might


   Skills:
 + Level 3.9 Fighting
 + Level 3.2 Axes
 + Level 4.1 Armour
 - Level 0.2 Stealth
 + Level 4.0 Shields


You had 4 spell levels left.
You didn't know any spells.
Your spell library contained the following spells:

 Spells                   Type           Power      Damage    Failure   Level
 Static Discharge         Conj/Air       0%         N/A       86%         2
 Dazzling Flash           Conj/Hex       0%         N/A       98%         3
 Iskenderun's Mystic Bla  Conj/Tloc      0%         2d3       100%        4
 Lightning Bolt           Conj/Air       0%         1d11      100%        5
 Starburst                Conj/Fire      0%         6d3       100%        6
 Maxwell's Capacitive Co  Air            0%         ∞         100%        8


Dungeon Overview and Level Annotations

Branches:
Dungeon (3/15)

Altars:
Fedhas


Innate Abilities, Weirdness & Mutations

You are immune to sickness and miasma.
Your stone body is resilient. (AC +4)
You are immune to poison.
You resist negative energy. (rN+)
You are resistant to electric shocks. (rElec)
You are resistant to unholy torment.
You are immune to petrification.


Message History

You block the iguana's attack.
You hit the iguana but do no damage.
The iguana bites you but does no damage.
You slash the iguana!
The iguana is severely wounded.
The iguana bites you but does no damage.
You barely miss the iguana.
The iguana is severely wounded.
The iguana bites you. The iguana closely misses you.
You barely miss the iguana.
The iguana is severely wounded.
The iguana bites you but does no damage.
You closely miss the iguana.
The iguana is severely wounded.
You block the iguana's attack.
You closely miss the iguana.
The iguana is severely wounded.
The iguana bites you! The iguana bites you.
You are too injured to fight recklessly!
You are too injured to fight recklessly!
You are too injured to fight recklessly!
You are too injured to fight recklessly!
You are too injured to fight recklessly!
You are too injured to fight recklessly!
You are too injured to fight recklessly!
You barely miss the iguana.
The iguana is severely wounded.
The iguana bites you!
* * * LOW HITPOINT WARNING * * *
You closely miss the iguana.
The iguana is severely wounded.
The iguana completely misses you.
You closely miss the iguana.
The iguana is severely wounded.
The iguana bites you.
* * * LOW HITPOINT WARNING * * *
You hit the iguana.
The iguana is almost dead.
The iguana closely misses you. The iguana bites you.
You die...

## #.< .#...#
.#...# ##.....
#..... #.#.# #
#...# #.#l.#
##.#@.#
.###.....######.#
.................
..#....#.###..#.#
#.#.#.........#
.....#..###..###
....###..# #
#..#####..#
#.........#


You could see an iguana.

Vanquished Creatures
  Natasha (D:3)
  3 adders (D:2)
  2 worms
  A dart slug (D:1)
  5 bats
  7 endoplasms
  3 giant cockroaches
  8 goblins
  5 hobgoblins
  10 jackals
  A kobold (D:2)
  3 quokkas (D:1)
  6 ball pythons
  5 rats
60 creatures vanquished.

Vanquished Creatures (others)
  A demonic plant (D:1)
  3 withered plants (D:1)
4 creatures vanquished.

Grand Total: 64 creatures vanquished

Notes
Turn   | Place    | Note
-------+----------+-------------------------------------------
     0 | D:1      | bande the Gargoyle Fighter began the quest for the Orb.
     0 | D:1      | Reached XP level 1. HP: 14/14 MP: 1/1
    78 | D:1      | Reached XP level 2. HP: 19/19 MP: 2/2
   124 | D:1      | Found a faded altar of an unknown god.
   228 | D:1      | Reached XP level 3. HP: 18/23 MP: 3/3
  1334 | D:2      | Reached XP level 4. HP: 21/29 MP: 4/4
  2888 | D:3      | Found a blossoming altar of Fedhas.
  2910 | D:3      | Noticed Natasha
  2928 | D:3      | Killed Natasha
  2929 | D:3      | Reached XP level 5. HP: 18/33 MP: 5/5
  3238 | D:3      | Slain by an iguana

Illustrated notes

Levels and vault maps discovered:
D:1:      dpeg_arrival_subterranean_lakeside_camping, layout_basic,
          shapermc_ecumenical_altar_gd, hangedman_decor_points
D:2:      layout_loops_ring
D:3:      layout_loops_ring, mainiacjoe_overflow_brackets, patterned_corridor,
          uniq_natasha, uniq_robin

Skill      XL: |  1  2  3  4 |
---------------+-------------+-----
Axes           | 2 3 |  3.2
Armour         | 4 |  4.1
Shields        | 4 |  4.0
Fighting       | |  3.9
Stealth        | |  0.2

Action                   |  1- 3 |  4- 6 || total
-------------------------+-------+-------++-------
Melee: War axe           |    99 |    99 ||   198
Armor: Scale mail        |    58 |    47 ||   105
Dodge: Dodged            |    66 |    58 ||   124
Block: Buckler           |    24 |    31 ||    55

Table legend: (Time is in decaauts)
 A = Elapsed time spent in this place.
 B = Non-inter-level travel time spent in this place.
 C = Inter-level travel time spent in this place.
 D = Time resting spent in this place.
 E = Time spent auto-exploring this place.
 F = Levels seen in this place.
 G = Mean time per level.
                   A        B        C        D        E       F      G
               +--------+--------+--------+--------+--------+-----+--------+
         Total |   3330 |   3284 |     46 |    803 |   1988 |   3 | 1110.0 |
       Dungeon |   3330 |   3284 |     46 |    803 |   1988 |   3 | 1110.0 |
               +--------+--------+--------+--------+--------+-----+--------+

Top non-repeatable levels by time:
     D:2: 1463 daAuts
     D:1: 1279 daAuts
     D:3: 587 daAuts
